 Dungeon Crawl Stone Soup version 0.27.1-1-g398f81649c (webtiles) character file.

Game seed: 971847831567111891

2563 Rickety the Covert (level 9, -8/40 HPs)
             Began as a Spriggan Enchanter on Sept 10, 2021.
             Killed by divine providence
             ... invoked by an orc priest
              (15 damage)
             ... on level 6 of the Dungeon.
             The game lasted 00:29:42 (9280 turns).

Rickety the Covert (Spriggan Enchanter)             Turns: 9280, Time: 00:29:42

Health: -8/40      AC:  4    Str:  4    XL:     9   Next: 31%
Magic:  13/19      EV: 19    Int: 16    God:
Gold:   326        SH:  0    Dex: 19    Spells: 11/20 levels left

rFire    . . .     SeeInvis +   a - +2 dagger (venom)
rCold    . . .     Faith    .   (shield restricted)
rNeg     . . .     Spirit   .   F - +2 robe {Will+}
rPois    +         Reflect  .   (helmet restricted)
rElec    .         Harm     .   e - scarf {+Inv}
rCorr    .         Rampage  .   (gloves unavailable)
Will     ++...                  (boots unavailable)
Stlth    +++++.....             (no amulet)
HPRegen  0.13/turn              r - ring of poison resistance
MPRegen  0.16/turn              k - ring of flight

@: flying, very slightly contaminated, very quick
A: very small, no large weapons, unfitting armour, see invisible, speed 3
a: Evoke Invisibility


You were on level 6 of the Dungeon.
You visited 2 branches of the dungeon, and saw 7 of its levels.
You also visited: Sewer.

You collected 326 gold pieces.

Inventory:

Hand Weapons
 a - a +2 dagger of venom (weapon)
Missiles
 h - 47 poisoned darts (quivered)
 p - 7 curare-tipped darts
 q - a throwing net
Armour
 b - a +1 robe
 e - a scarf of invisibility (worn)
 t - a +0 troll leather armour {Purgy}
 w - a scarf of harm
 C - a +0 cloak of poison resistance
 F - a +2 robe of willpower (worn)
Magical Staves
 D - a staff of death
Jewellery
 k - a ring of flight (right hand)
 r - a ring of poison resistance (left hand)
 s - a ring of resist corrosion
 v - a +6 ring of intelligence
 A - a +4 ring of evasion
Wands
 d - a wand of flame (23)
 y - a wand of paralysis (7)
 z - a wand of polymorph (10)
Scrolls
 c - a scroll of torment
 f - 4 scrolls of teleportation
 g - 2 scrolls of immolation
 j - a scroll of fear
 l - 3 scrolls of summoning
 m - 3 scrolls of noise
 n - a scroll of enchant armour
Potions
 i - 2 potions of brilliance
 o - a potion of lignification
 u - 2 potions of heal wounds {unknown}
 x - 2 potions of mutation {unknown}
 B - a potion of degeneration {unknown}
 E - a potion of berserk rage {unknown}


   Skills:
 + Level 0.7 Fighting
 + Level 3.4 Short Blades
 + Level 0.4 Throwing
 + Level 3.8 Dodging
 * Level 12.6 Stealth
 + Level 6.0 Spellcasting
 * Level 1.6 Conjurations
 + Level 6.1 Hexes
 - Level 2.0 Ice Magic
 * Level 1.2 Air Magic
 * Level 1.5 Poison Magic
 * Level 5.8 Evocations


You had 11 spell levels left.
You knew the following spells:

 Your Spells              Type           Power      Damage    Failure   Level
a - Corona                Hex            26%        N/A       1%          1
b - Ensorcelled Hibernat  Hex/Ice        36%        N/A       3%          2
c - Confusing Touch       Hex            24%        N/A       3%          3
m - Mephitic Cloud        Conj/Pois/Air  9%         N/A       22%         3

Your spell library contained the following spells:

 Spells                   Type           Power      Damage    Failure   Level
 Slow                     Hex            24%        N/A       1%          2
 Tukima's Dance           Hex            24%        N/A       3%          3
 Magic Dart               Conj           40%        1d5       7%          1
 Dazzling Flash           Conj/Hex       34%        N/A       9%          3
 Foxfire                  Conj/Fire      28%        2x1d5     10%         1
 Inner Flame              Hex/Fire       14%        N/A       12%         3
 Call Imp                 Summ           4%         N/A       21%         2
 Conjure Flame            Conj/Fire      7%         6-21      28%         3
 Vampiric Draining        Necr           2%         2d6       38%         3


Dungeon Overview and Level Annotations

Branches:
Dungeon (6/15)             Temple (1/1) D:4           Sewer (visited)

Altars:
Ashenzari
Cheibriados
Elyvilon
Fedhas
Gozag
Makhleb
Nemelex Xobeh
Okawaru
Ru
Sif Muna
Trog
Uskayaw
Vehumet
Wu Jian
Yredelemnul
Zin
The Shining One

Shops:
D:1 :*::   D:4 ?**(

Annotations:
D:5 Menkaure


Innate Abilities, Weirdness & Mutations

You are very small and have problems with some larger weapons.
You are too small for most types of armour.
You have supernaturally acute eyesight. (SInv)
You cover ground extremely quickly. (Speed+++)


Message History

Casting: Ensorcelled Hibernation (safe; 3% risk of failure)
Confirm with . or Enter, or press ? or * to list all spells.
Aiming: Ensorcelled Hibernation (safe; 3% risk of failure)
Press: ? - help, Shift-Dir - straight line, f - adder
Aim: an adder (chance to affect: 57%)
The adder resists with significant effort.
You see here 8 boomerangs.
You see here 8 boomerangs.
Casting: Ensorcelled Hibernation (safe; 3% risk of failure)
Confirm with . or Enter, or press ? or * to list all spells.
Aiming: Ensorcelled Hibernation (safe; 3% risk of failure)
Press: ? - help, Shift-Dir - straight line, f/p - adder
Aim: an adder (chance to affect: 57%)
The adder looks drowsy...
The helpless adder fails to defend itself.
You skewer the adder like a kebab!!!!
You kill the adder!
Casting: Ensorcelled Hibernation (safe; 3% risk of failure)
Confirm with . or Enter, or press ? or * to list all spells.
Aiming: Ensorcelled Hibernation (safe; 3% risk of failure)
Press: ? - help, Shift-Dir - straight line, f - orc priest
Aim: an orc priest, wielding a +0 short sword (chance to affect: 49%)
You miscast Ensorcelled Hibernation.
You are very lightly contaminated with residual magic.
Nothing appears to happen.
The orc priest mumbles some strange prayers to Beogh against you.
Beogh smites you!
Casting: Ensorcelled Hibernation (safe; 3% risk of failure)
Confirm with . or Enter, or press ? or * to list all spells.
Aiming: Ensorcelled Hibernation (safe; 3% risk of failure)
Press: ? - help, Shift-Dir - straight line, f/p - orc priest
Aim: an orc priest, wielding a +0 short sword (chance to affect: 49%)
The orc priest looks drowsy...
The orc priest shouts!
The orc priest mumbles some strange prayers to Beogh against you.
Beogh smites you!
* * * LOW HITPOINT WARNING * * *
The orc priest calls down the wrath of Beogh upon you.
Beogh smites you!
You die...

.........#............##...
..o......#............####.
..8(o8...'............# #.
..)...S..#o...........#####
.........#.................
..8......#..........>.####.
.........#............# #.
.........#...........## #.
.........#@..##......# #.
#############........##.# ##
#Z<##.....(........#....### #
##..##..........###)###....#
#.....................##.#.####
#......(........###............
##.......).......#
##...........
#......########### #.......####
#.###### #.......#


You could see an orc priest.

Vanquished Creatures
  Pikel (D:6)
  Prince Ribbit (D:5)
  Grinder (D:5)
  Sigmund (D:2)
  Purgy (Sewer)
  A black bear (D:4)
  3 ogres
  A necrophage (D:4)
  An ice beast (D:6)
  A centaur (D:6)
  Blork the orc (D:4)
  A gnoll sergeant (D:3)
  A scorpion (D:5)
  A wyvern skeleton (D:6)
  3 hounds
  2 jellies
  Crazy Yiuf (D:5)
  Ijyb (D:5)
  A scorpion zombie (D:3)
  2 iguanas
  A hound zombie (D:3)
  A hound skeleton (D:4)
  A howler monkey zombie (D:6)
  10 adders
  20 gnolls
  A howler monkey skeleton (D:4)
  An ufetubus (D:4)
  2 worms
  2 dart slugs (D:1)
  19 orcs
  6 ball pythons
  7 endoplasms
  3 giant cockroaches
  9 goblins
  11 hobgoblins
  2 quokkas
  6 bats
  2 frilled lizards
  19 kobolds
  6 rats
155 creatures vanquished.

Vanquished Creatures (collateral kills)
  A gnoll (D:5)
  2 goblins (D:5)
  A hobgoblin (D:5)
  A kobold (D:5)
5 creatures vanquished.

Vanquished Creatures (others)
  A plant (D:5)
1 creature vanquished.

Grand Total: 161 creatures vanquished

Notes
Turn   | Place    | Note
-------+----------+-------------------------------------------
     0 | D:1      | Rickety the Spriggan Enchanter began the quest for the Orb.
     0 | D:1      | Reached XP level 1. HP: 9/9 MP: 5/5
     9 | D:1      | Found Qefewugu's Book Emporium.
   268 | D:1      | Reached XP level 2. HP: 13/13 MP: 4/6
   271 | D:1      | Learned a level 2 spell: Ensorcelled Hibernation
   356 | D:1      | Found a faded altar of an unknown god.
   580 | D:1      | Found Cifirel's Assorted Antiques.
   631 | D:1      | Reached skill level 5 in Stealth
   678 | D:1      | Found Gyfaucaj's Book Shop.
   730 | D:1      | Found Loatri's Book Shoppe.
  1179 | D:2      | Reached XP level 3. HP: 16/16 MP: 2/8
  1280 | D:2      | Reached skill level 1 in Evocations
  1503 | D:2      | You fall into a shaft and drop 2 floors!
  1503 | D:4      | Found Qurehuf's General Store.
  1525 | D:3      | Reached skill level 6 in Stealth
  1536 | D:3      | Found a basalt altar of Yredelemnul.
  1589 | D:3      | Found a radiant altar of Vehumet.
  1598 | D:3      | Reached XP level 4. HP: 21/21 MP: 9/9
  1688 | D:2      | Noticed Sigmund
  1705 | D:2      | Killed Sigmund
  1706 | D:2      | Reached skill level 7 in Stealth
  1706 | D:2      | Reached XP level 5. HP: 3/24 MP: 5/11
  2546 | D:2      | Reached XP level 6. HP: 28/28 MP: 12/12
  3098 | D:3      | Reached skill level 8 in Stealth
  3554 | D:3      | Learned a level 3 spell: Confusing Touch
  3968 | D:3      | Found a sacrificial altar of Ru.
  3993 | D:3      | Reached skill level 1 in Ice Magic
  4420 | D:4      | Found a staircase to the Ecumenical Temple.
  4427 | Temple   | Entered the Ecumenical Temple
  4578 | D:4      | Found Cuasucap's Assorted Antiques.
  4630 | D:4      | Noticed Blork the orc
  4671 | D:4      | Killed Blork the orc
  4672 | D:4      | Reached XP level 7. HP: 22/32 MP: 8/14
  5115 | D:4      | Found Baull's Magic Scroll Emporium.
  5166 | D:4      | Reached skill level 9 in Stealth
  5446 | D:4      | Reached skill level 5 in Hexes
  5909 | D:4      | Found Tiocvoes's Antique Weapon Shoppe.
  6317 | D:5      | Entered Level 5 of the Dungeon
  6322 | D:5      | Identified a scroll of acquirement
  6322 | D:5      | Acquired a scarf of harm
  6490 | D:5      | Reached skill level 10 in Stealth
  6698 | D:5      | Reached XP level 8. HP: 34/37 MP: 12/15
  6825 | D:5      | Found a glowing drain.
  6834 | Sewer    | Entered a sewer
  6882 | Sewer    | Identified the +1 leather armour "Ysamimib" {Fly}
  6893 | Sewer    | Noticed Purgy
  6895 | Sewer    | Killed Purgy
  7187 | D:5      | Found a shimmering blue altar of Sif Muna.
  7200 | D:5      | Noticed Grinder
  7218 | D:5      | Killed Grinder
  7219 | D:5      | Reached skill level 11 in Stealth
  7219 | D:5      | Reached skill level 5 in Evocations
  7294 | D:5      | Noticed Prince Ribbit
  7302 | D:5      | Killed Prince Ribbit
  7303 | D:5      | Reached skill level 5 in Spellcasting
  7349 | D:5      | Noticed Menkaure
  7713 | D:5      | Noticed Ijyb
  7720 | D:5      | Killed Ijyb
  7726 | D:5      | Found an ornate altar of the Wu Jian Council.
  7730 | D:5      | Identified the +9 hand axe "Daysk" {vorpal, +Blink +Rage
                  | Dex+6}
  7778 | D:5      | Learned a level 3 spell: Mephitic Cloud
  8068 | D:5      | Found a runed translucent door.
  8069 | D:5      | Noticed Crazy Yiuf
  8115 | D:5      | Reached skill level 12 in Stealth
  8169 | D:5      | Found an opulent altar of Gozag.
  8238 | D:5      | Killed Crazy Yiuf
  8500 | D:6      | Noticed Pikel
  8889 | D:6      | Killed Pikel
  8890 | D:6      | Reached skill level 1 in Conjurations
  8890 | D:6      | Reached skill level 1 in Air Magic
  8890 | D:6      | Reached skill level 1 in Poison Magic
  8890 | D:6      | Reached XP level 9. HP: 37/40 MP: 13/19
  9070 | D:6      | Found a sparkling altar of Nemelex Xobeh.
  9280 | D:6      | Killed from afar by an orc priest

Illustrated notes

Levels and vault maps discovered:
D:1:      tarquinn_simple_flora_water_a, layout_basic,
          hellmonk_ecumenical_altar_blasted, serial_shops, shop, shop,
          nicolae_shop_overgrown_old_shop, shop, minmay_tetromino_i2
D:2:      layout_basic, serial_corexii_hall, chequers_hall_statues_y,
          corexii_hall_statues_i, uniq_sigmund
D:3:      layout_basic, lemuel_zombie_altar_yredelemnul,
          mainiacjoe_overflow_small_starburst, vehumet_crystals
D:4:      layout_loops_ring, minmay_temple_entry_metal_lava, serial_shops,
          shop_scrolls, shop, kennysheep_mini, nicolae_shop_window_shopping,
          kennysheep_generic_room_8, uniq_blork_the_orc
D:5:      corexii_shantytown, layout_gridville, grunt_gozag_breadcrumbs,
          mainiacjoe_overflow_brackets, mainiacjoe_overflow_24_doors,
          cheibrodos_sewer_entry_bend, uniq_ijyb, uniq_grinder,
          uniq_prince_ribbit1, uniq_crazy_yiuf_cottage, uniq_menkaure
D:6:      layout_rooms, nicolae_qazlal_scattered_showers,
          nemelex_dance_club_becter, nicolae_xom_altar_mimics,
          kennysheep_generic_room_2, uniq_pikel
Temple:   compressed_dpeg_circular_temple

Skill      XL: |  1  2  3  4  5  6  7  8 |
---------------+-------------------------+-----
Stealth        | 5 6 7 8 10 12 | 12.6
Hexes          | 4 5 6 |  6.1
Evocations     | 2 3 4 5 |  5.8
Spellcasting   | 3 4 6 |  6.0
Dodging        | 3 |  3.8
Short Blades   | 2 3 |  3.4
Ice Magic      | 1 2 |  2.0
Conjurations   | 1 |  1.6
Air Magic      | 1 |  1.2
Poison Magic   | 1 |  1.5
Fighting       | |  0.7
Throwing       | |  0.4

Action                   |  1- 3 |  4- 6 |  7- 9 || total
-------------------------+-------+-------+-------++-------
Melee: Dagger            |    75 |    99 |   196 ||   370
Throw: Dart              |       |       |    13 ||    13
 Cast: Corona            |     9 |     5 |       ||    14
       Ensorcelled Hiber |    18 |    40 |    74 ||   132
       Confusing Touch   |       |       |     9 ||     9
  Use: Scroll            |       |       |    15 ||    15
 Stab: Sleeping          |    23 |    35 |    41 ||    99
       Distracted        |       |     1 |       ||     1
       Confused          |       |       |     7 ||     7
Armor: Robe              |     2 |     6 |    11 ||    19
Dodge: Dodged            |    66 |    65 |   105 ||   236
